 Dungeon Crawl Stone Soup version 0.24-a0-630-g0d56a851f4 (webtiles) character file.

Game seed: 5414472536966593881, levelgen mode: deterministic

8682 Gebura the Destroyer (level 11, -4/91 HPs)
             Began as an Octopode Fire Elementalist on Sept 20, 2019.
             Was a Priest of Vehumet.
             Slain by Sonja
             ... wielding a +0 dagger of distortion
              (5 damage)
             ... on level 2 of the Lair of Beasts.
             The game lasted 01:18:04 (11242 turns).

Gebura the Destroyer (Octopode Fire Elementalist)  Turns: 11242, Time: 01:18:04

Health: -4/91      AC: 28    Str:  4 (7)  XL:     11   Next: 34%
Magic:  4/23       EV:  2    Int: 18 (20) God:    Vehumet [***...]
Gold:   453        SH:  0    Dex: 16 (19) Spells: 15/26 levels left

rFire    . . .     SeeInvis .   u - +0 dagger (drain)
rCold    . . .     Gourm    .   (no shield)
rNeg     + + +     Faith    .   (helmet currently unavailable)
rPois    +         Spirit   .   (no amulet)
rElec    .         Reflect  .   a - +3 ring of protection
rCorr    .         Harm     .   o - ring of stealth
MR       .....     NoTele   +   (no ring)
Stlth    ++++......             (no ring)
HPRegen  0.25/turn              (no ring)
MPRegen  0.18/turn              (no ring)
                                (no ring)
                                (no ring)

@: agile, tree-form, slowed, very slow
A: almost no armour, stealthy swim, (amphibious), 8 rings, (constrict 8)
a: Renounce Religion


You were on level 2 of the Lair of Beasts.
You worshipped Vehumet.
Vehumet was most pleased with you.
You were not hungry.
You were a tree.
You visited 2 branches of the dungeon, and saw 11 of its levels.

You collected 528 gold pieces.
You spent 75 gold pieces at shops.

Inventory:

Hand Weapons
 h - a +0 dagger
 u - a +0 dagger of draining (weapon)
 w - the +3 glaive of Winter {speed, Dex+2}
   (You took it off an orc on level 5 of the Dungeon)

   Attacks with this weapon are significantly faster.
   It affects your dexterity (+2).
 y - a +2 dagger of protection
Missiles
 j - 3 datura-tipped darts
 t - 3 poisoned darts (quivered)
 C - a boomerang of dispersal
Armour
 K - a +0 hat (melded)
Magical Staves
 J - an uncursed staff of fire
Jewellery
 a - a +3 ring of protection (left branch)
 o - a ring of stealth (right branch)
 I - an uncursed amulet of harm
Wands
 A - a wand of random effects (19)
 D - a wand of paralysis (2)
 G - a wand of iceblast (6)
Scrolls
 c - a scroll of identify
 g - 7 scrolls of remove curse
 l - a scroll of noise {unknown}
 m - a scroll of enchant armour {unknown}
 n - 2 scrolls of blinking
 q - a scroll of amnesia
 r - 2 scrolls of random uselessness
 v - a scroll of fog {unknown}
 x - 2 scrolls of enchant weapon {unknown}
 z - 3 scrolls of teleportation {unknown}
 B - a scroll of brand weapon {unknown}
Potions
 d - a potion of brilliance
 e - 2 potions of resistance
 f - 2 potions of cancellation
 i - a potion of degeneration
 p - a potion of agility
 E - 2 potions of haste
 F - a potion of mutation {unknown}
 H - a potion of invisibility {unknown}
Comestibles
 b - 13 rations


   Skills:
 + Level 4.4 Dodging
 - Level 2.6 Stealth
 + Level 8.0 Spellcasting
 + Level 11.1 Conjurations
 * Level 10.0 Fire Magic


You had 15 spell levels left.
You knew the following spells:

 Your Spells              Type           Power        Failure   Level  Hunger
a - Flame Tongue          Conj/Fire      #####        1%          1    None
b - Sticky Flame          Conj/Fire      #####...     1%          4    ###....
c - Shock                 Conj/Air       ####         1%          1    None
d - Fireball              Conj/Fire      #####.....   1%          5    #####..

Your spell library contained the following spells:

 Spells                   Type           Power        Failure   Level  Hunger
 Mephitic Cloud           Conj/Pois/Air  ###.....     1%          3    #......
 Throw Flame              Conj/Fire      #####.       1%          2    None
 Conjure Flame            Conj/Fire      #####...     1%          3    #......
 Inner Flame              Hex/Fire       ####....     1%          3    #......


Dungeon Overview and Level Annotations

Branches:
Dungeon (9/15)             Temple (0/1) D:7            Lair (2/6) D:8
  Swamp: Lair:2-4    Shoals: Lair:2-4     Snake: Lair:2-4    Spider: Lair:2-4
    Orc: D:9-12

Altars:
Ashenzari
Cheibriados
Elyvilon
Gozag
Hepliaklqana
Nemelex Xobeh
Sif Muna
Trog
Vehumet
Wu Jian
Yredelemnul
Zin
The Shining One

Shops:
D:4 ?   D:5 *

Annotations:
D:4 exclusions: 2 downstairs and 1 more exclusion
D:6 2 transporters
D:7 exclusions: 2 downstairs and 1 more exclusion
D:8 exclusions: downstairs and queen bee
D:9 exclusion: upstairs
Lair:2 exclusion: upstairs, Fannar, Sonja


Innate Abilities, Weirdness & Mutations

You cannot wear most types of armour.
You are very stealthy in the water. (Stealth+)
((You are amphibious.))
You can wear up to eight rings at the same time.
((You can use your tentacles to constrict eight enemies at once.))
((Your skin changes colour to match your surroundings (Stealth+).))
((Your rubbery body absorbs attacks. (AC +1, EV +1)))


Message History

Space warps horribly around you!
* * * LOW HITPOINT WARNING * * *
Sonja hits you but does no damage. x3; Space bends around you.
* * * LOW HITPOINT WARNING * * *
Sonja hits you but does no damage.
You feel a strange sense of stasis. Sonja hits you but does no damage. x2
Okay, then.
Okay, then.
Okay, then.
Unknown command.
It was a potion of curing.
You feel better. Sonja hits you but does no damage. Space bends around you.
* * * LOW HITPOINT WARNING * * *
Sonja hits you with a +0 dagger of distortion.
* * * LOW HITPOINT WARNING * * *
Sonja hits you but does no damage.
You feel a strange sense of stasis. Sonja hits you but does no damage.
Space bends around you.
* * * LOW HITPOINT WARNING * * *
Sonja hits you but does no damage. Space bends around you.
You die...

#..(.............$.
#..(..(...<........
##..................
#P.........(........
#P..................
#...................
##...(..............
#...K..............
###♣P#.P###..#####.
####### ####


You could see Sonja.

Vanquished Creatures
  Gastronok (Lair:2)
  A hydra (Lair:2)
  A two-headed ogre (D:8)
  Nergalle (Lair:1)
  Pikel (D:5)
  An elephant (Lair:2)
  2 spiny frogs
  A komodo dragon (D:8)
  A troll (D:8)
  2 hippogriffs (D:8)
  2 wyverns (D:8)
  A yak (D:8)
  Edmund (D:6)
  A water moccasin (Lair:2)
  An orc warrior (D:8)
  A porcupine (Lair:2)
  A sky beast (D:5)
  An ice beast (D:7)
  A black bear (D:8)
  A slave (D:5)
  An ogre (D:9)
  2 centaurs
  3 wolves (Lair:2)
  A crocodile (Lair:2)
  A big kobold (D:6)
  4 bullfrogs
  A gnoll sergeant (D:8)
  A killer bee (D:8)
  2 howler monkeys
  A crimson imp (D:6)
  3 jellies
  4 orc priests
  3 hounds (D:5)
  3 bullfrog skeletons
  3 iguanas
  7 orc wizards
  2 worker ants
  A hound zombie (D:7)
  A hound skeleton (D:8)
  2 worker ant zombies
  5 gnolls (D:8)
  4 adders
  2 shadow imps (D:8)
  An adder zombie (D:6)
  3 dart slugs
  7 leopard geckos
  33 orcs
  10 bats
  4 giant cockroaches
  9 goblins
  12 hobgoblins
  5 jackals
  6 quokkas
  A ball python (D:1)
  3 frilled lizards
  14 kobolds
  A quokka skeleton (D:5)
  10 rats
199 creatures vanquished.

Vanquished Creatures (others)
  A wizard (D:7)
  A slave (D:5)
  A scorpion (D:5)
  A crimson imp (D:5)
  2 fungi (Lair:2)
  7 plants
13 creatures vanquished.

Grand Total: 212 creatures vanquished

Notes
Turn   | Place    | Note
-------+----------+-------------------------------------------
     0 | D:1      | Gebura the Octopode Fire Elementalist began the quest for
                  | the Orb.
     0 | D:1      | Reached XP level 1. HP: 11/11 MP: 3/3
   201 | D:1      | Reached XP level 2. HP: 17/17 MP: 3/5
   686 | D:1      | Reached skill level 2 in Conjurations
   801 | D:1      | Reached XP level 3. HP: 21/21 MP: 3/6
  1550 | D:2      | Found a sparkling altar of Nemelex Xobeh.
  1621 | D:2      | Found a radiant altar of Vehumet.
  1626 | D:2      | Became a worshipper of Vehumet
  1809 | D:2      | Reached XP level 4. HP: 26/27 MP: 7/7
  1882 | D:2      | Learned a level 4 spell: Sticky Flame
  2269 | D:5      | Entered Level 5 of the Dungeon
  2269 | D:5      | Found Ehutaisi's General Store.
  2508 | D:3      | Reached skill level 3 in Conjurations
  2617 | D:3      | Reached XP level 5. HP: 21/31 MP: 0/9
  3139 | D:3      | Found a hazy altar of Hepliaklqana.
  3448 | D:4      | Reached * piety under Vehumet
  3448 | D:4      | Offered knowledge of Shock by Vehumet.
  3451 | D:4      | Learned a level 1 spell: Shock
  3838 | D:4      | Reached skill level 4 in Conjurations
  3838 | D:4      | Reached XP level 6. HP: 34/36 MP: 5/10
  3895 | D:4      | Found Qekliu's Magic Scroll Emporium.
  3899 | D:4      | Bought a scroll of blinking for 75 gold pieces
  4360 | D:4      | Found a glowing golden altar of the Shining One.
  4363 | D:4      | Found a snail-covered altar of Cheibriados.
  4368 | D:4      | Found a white marble altar of Elyvilon.
  4783 | D:6      | Found an opulent altar of Gozag.
  4813 | D:5      | Reached skill level 5 in Conjurations
  4813 | D:5      | Reached XP level 7. HP: 30/41 MP: 0/12
  5413 | D:5      | Identified the +3 glaive of Winter {speed, Dex+2}
  5579 | D:5      | Noticed Pikel
  5622 | D:5      | Killed Pikel
  5622 | D:5      | Reached skill level 6 in Conjurations
  5622 | D:5      | Reached skill level 5 in Fire Magic
  5622 | D:5      | Reached XP level 8. HP: 42/46 MP: 0/15
  5734 | D:5      | Learned a level 5 spell: Fireball
  5800 | D:5      | Found an ornate altar of the Wu Jian Council.
  6069 | D:6      | Offered knowledge of Magic Dart by Vehumet.
  6074 | D:6      | Reached ** piety under Vehumet
  6074 | D:6      | Reached skill level 7 in Conjurations
  6361 | D:6      | Found a transporter.
  6376 | D:6      | Found a transporter.
  6707 | D:6      | Reached skill level 5 in Spellcasting
  6899 | D:6      | Noticed Edmund
  6906 | D:6      | Killed Edmund
  7368 | D:7      | Found a staircase to the Ecumenical Temple.
  7399 | D:7      | Reached XP level 9. HP: 51/51 MP: 9/17
  7611 | D:8      | Reached skill level 8 in Conjurations
  7630 | D:7      | Found a bloodstained altar of Trog.
  7631 | D:7      | Noticed a wizard
  7693 | D:7      | Found a glowing silver altar of Zin.
  7711 | D:8      | Found a shattered altar of Ashenzari.
  7969 | D:7      | Found a shimmering blue altar of Sif Muna.
  8462 | D:7      | Killed a wizard
  8547 | D:8      | Noticed a queen bee
  8566 | D:8      | Noticed a two-headed ogre
  8745 | D:8      | Killed a two-headed ogre
  8745 | D:8      | Reached skill level 9 in Conjurations
  9260 | D:8      | Offered knowledge of Mephitic Cloud by Vehumet.
  9304 | D:8      | Reached XP level 10. HP: 56/56 MP: 0/19
  9617 | D:8      | Reached skill level 10 in Conjurations
  9998 | D:8      | Reached *** piety under Vehumet
 10252 | D:8      | Found a basalt altar of Yredelemnul.
 10350 | D:8      | Found the +2 pair of boots of the Assassin {Detection Stab+
                  | Stlth++}
 10392 | D:8      | Found a staircase to the Lair.
 10515 | Lair:1   | Entered Level 1 of the Lair of Beasts
 10518 | Lair:1   | Noticed a spiny frog
 10520 | Lair:1   | Noticed a five-headed hydra
 10521 | Lair:1   | Killed a spiny frog
 10540 | Lair:1   | Noticed an eight-headed hydra
 10700 | Lair:2   | Noticed Fannar
 10745 | Lair:2   | Noticed an elephant
 10789 | Lair:2   | Noticed an elephant
 10838 | Lair:2   | Noticed an elephant
 10850 | Lair:2   | Killed an elephant
 10959 | Lair:2   | Noticed a spiny frog
 10966 | Lair:1   | Noticed Nergalle
 10970 | Lair:1   | Killed Nergalle
 10971 | Lair:1   | Noticed a black mamba
 10990 | Lair:2   | Killed a spiny frog
 11035 | Lair:2   | Noticed Gastronok
 11087 | Lair:2   | Killed Gastronok
 11087 | Lair:2   | Reached skill level 11 in Conjurations
 11087 | Lair:2   | Reached XP level 11. HP: 59/61 MP: 5/22
 11204 | Lair:2   | Noticed a five-headed hydra
 11210 | Lair:2   | Killed a five-headed hydra
 11210 | Lair:2   | Reached skill level 10 in Fire Magic
 11222 | Lair:2   | Noticed Sonja
 11242 | Lair:2   | HP: 1/91 [Sonja/+0 dagger of distortion (5)]
 11242 | Lair:2   | Slain by Sonja

Levels and vault maps discovered:
D:1:      nicolae_arrival_washed_ashore, layout_basic
D:2:      layout_loops_ring, vehumet_crystals, nemelex_xobeh_ov_fountains_minmay
D:3:      layout_basic, nicolae_overflow_hidden_temple, minmay_pentangle
D:4:      layout_loops_ring, grunt_temple_overflow_diamond, serial_shops, shop
D:5:      layout_loops_ring, kennysheep_mini_moat, serial_shops, shop,
          first_ration, uniq_pikel
D:6:      gammafunk_steamed_eel, layout_gridville, kennysheep_mini,
          serial_glass, glass_columns_a, glass_columns_c,
          chequers_serial_rivers_micro_d, uniq_crazy_yiuf_cottage, uniq_edmund
D:7:      layout_basic, grunt_temple_overflow_open,
          minmay_temple_entry_proselytizer, trog_wizard
D:8:      minmay_cut_squares, layout_basic, marbit_many_paths,
          cheibrodos_ashenzari_chains, david_lair_shrubbed, david_nohive_1,
          minmay_quadrilaterals
D:9:      layout_cave_pods, ebering_ghost_xom, nicolae_ru_awakened_eye
Lair:1:   layout_hall_layers, eino_small_chamber_without_monster, uniq_joseph,
          uniq_nergalle
Lair:2:   layout_big_grid, infiniplex_staircase_pool_2, grunt_megastairs_3,
          uniq_gastronok, uniq_sonja, uniq_fannar

Skill      XL: |  1  2  3  4  5  6  7  8  9 10 11 |
---------------+----------------------------------+-----
Conjurations   | 2 3 4 5 6 7 9 11 | 11.1
Spellcasting   | 3 4 5 6 7 8 |  8.0
Fire Magic     | 4 5 6 7 9 10 | 10.0
Dodging        | 4 |  4.4
Stealth        | |  2.6

Action                   |  1- 3 |  4- 6 |  7- 9 | 10-12 || total
-------------------------+-------+-------+-------+-------++-------
Melee: Unarmed           |    26 |       |       |       ||    26
       Constrict         |    17 |     9 |     6 |     1 ||    33
       Tentacles         |     6 |     6 |     5 |     1 ||    18
       Dagger            |    37 |    29 |    51 |    12 ||   129
       Staff             |       |       |       |     2 ||     2
Throw: Dart              |       |     6 |     2 |    20 ||    28
 Cast: Flame Tongue      |    40 |    54 |    65 |    25 ||   184
       Sticky Flame      |       |     6 |    23 |    19 ||    48
       Shock             |       |     7 |     2 |     1 ||    10
       Fireball          |       |       |    25 |    33 ||    58
Evoke: Wand              |       |       |       |     4 ||     4
  Use: Scroll            |       |     2 |     4 |     5 ||    11
       Potion            |       |       |     1 |     5 ||     6
 Stab: Sleeping          |     8 |    10 |     6 |       ||    24
       Paralysed         |       |       |       |     3 ||     3
  Eat: Chunk             |     3 |     8 |    18 |    13 ||    42
       Ration            |       |     1 |     2 |     2 ||     5
Armor: Skin              |    23 |    23 |    34 |    52 ||   132
Dodge: Dodged            |    56 |    46 |    48 |    23 ||   173

Table legend:
 A = Non-vault XP
 B = Vault XP
 C = Vault XP percentage of total XP
 D = Non-vault monster count
 E = Vault monster count
 F = Vault count percentage of total count
                 A         B        C        D         E       F
            +---------+---------+-------+---------+---------+-------
      Total |    6790 |    5613 |  45.3 |     173 |      25 |  12.6
            +---------+---------+-------+---------+---------+-------
        D:1 |      48 |       0 |   0.0 |      28 |       0 |   0.0
        D:2 |      40 |       0 |   0.0 |      17 |       0 |   0.0
        D:3 |      95 |       8 |   7.8 |      19 |       6 |  24.0
        D:4 |     258 |       0 |   0.0 |      14 |       0 |   0.0
        D:5 |     494 |     641 |  56.5 |      20 |       1 |   4.8
        D:6 |     428 |     157 |  26.8 |      22 |       1 |   4.3
        D:7 |     281 |      41 |  12.7 |       4 |       1 |  20.0
        D:8 |    2465 |    1446 |  37.0 |      38 |      13 |  25.5
        D:9 |     122 |       0 |   0.0 |       1 |       0 |   0.0
     Lair:1 |     377 |     792 |  67.8 |       1 |       1 |  50.0
     Lair:2 |    2182 |    2528 |  53.7 |       9 |       2 |  18.2
            +---------+---------+-------+---------+---------+-------
